 Dungeon Crawl Stone Soup version 0.29-a0-664-gff9cad4a3d (webtiles) character file.

Game seed: 4765890098308198966

115970 Zonian the Covert (level 16, -13/67 HPs)
             Began as a Vine Stalker Ice Elementalist on June 22, 2022.
             Was the Champion of Dithmenos.
             Killed from afar by a shock serpent (17 damage)
             ... with a bolt of electricity
             ... on level 1 of the Snake Pit on June 23, 2022.
             The game lasted 01:48:22 (33254 turns).

Zonian the Covert (Vine Stalker Ice Elementalist)  Turns: 33254, Time: 01:48:23

Health: -13/67     AC: 20    Str: 14    XL:     16   Next: 70%
Magic:  0/40       EV: 18    Int: 17    God:    Dithmenos [******]
Gold:   1310       SH:  5    Dex: 20    Spells: 20/36 levels left

rFire   . . .      SeeInvis .   v - +9 short sword (spect)
rCold   + . .      Faith    .   (no shield)
rNeg    . . .      Spirit   +   C - +2 leather armour {rPois}
rPois   +          Reflect  +   Y - +1 hat {Stlth+}
rElec   .          Harm     .   M - +2 cloak {rCorr}
rCorr   +          Rampage  .   c - +1 pair of gloves "Gungil" {Will+ Dex+2}
Will    +++..                   K - +3 pair of mountain boots {steadfast, rC+} Stlth ***+++++++
                                s - amulet of reflection
HPRegen 1.01/turn               d - ring of magical power
MPRegen 0.27/turn               G - +4 ring of protection

@: lethally poisoned (-13 -> -14), wreathed by umbra, studying Axes
A: fangs 3, regeneration 1, magic shield, antimagic bite, no potion heal 2
a: Renounce Religion, Shadow Step, Shadow Form


You were on level 1 of the Snake Pit.
You worshipped Dithmenos.
Dithmenos was exalted by your worship.
You visited 4 branches of the dungeon, and saw 24 of its levels.
You visited 1 bazaar.
You also visited: Bailey and Gauntlet.

You collected 2178 gold pieces.
You spent 868 gold pieces at shops.

Inventory:

Hand Weapons
 l - the +9 staff of Olgreb {rPois∞}
   (You found it on level 4 of the Lair of Beasts)

   If the wielder is skilled in Evocations, they can envenom those struck by it,
   dealing poison damage which bypasses armour.
   It enhances your poison magic.
   It grants immunity to poison.
   It can be activated via the 'a'bility menu to radiate toxic energy, with
   effectiveness depending on Evocations skill.
 v - a +9 spectral short sword (weapon)
 E - a +1 short sword of speed
 T - a +2 shortbow of freezing
Missiles
 b - 19 boomerangs
 e - 61 poisoned darts
 p - 4 curare-tipped darts
 N - a throwing net
 S - 2 javelins
Armour
 c - the +1 pair of gloves "Gungil" (worn) {Will+ Dex+2}
   (You acquired it on level 2 of the Lair of Beasts)

   Dex:       It affects your dexterity (+2).
   Will:      It increases your willpower.
 C - a +2 leather armour of poison resistance (worn)
 K - the +3 pair of mountain boots (worn) {steadfast, rC+}
   (You found it on level 8 of the Dungeon)

   It prevents involuntary movement, except for blinking, teleportation, or
   banishment.
   rC:        It protects you from cold.
 M - a +2 cloak of preservation (worn)
 Y - a +1 hat of stealth (worn)
Magical Staves
 k - a staff of cold
Jewellery
 d - a ring of magical power (left hand)
 s - an amulet of reflection (around neck)
 y - the ring of the Present {*Slow Fly rCorr Dex+6}
   (You found it in a Gauntlet)

   [ring of dexterity]

   Dex:       It affects your dexterity (+6).
   Fly:       It grants you flight.
   rCorr:     It protects you from acid and corrosion.
   *Slow:     It may slow you when you take damage.
 G - a +4 ring of protection (right hand)
 L - a ring of fire
 X - a ring of see invisible
Wands
 i - a wand of digging (8)
 q - a wand of flame (8)
 H - a wand of charming (27)
 U - a wand of mindburst (7)
 V - a wand of iceblast (16)
Scrolls
 a - 12 scrolls of teleportation
 g - a scroll of summoning
 h - 2 scrolls of fear
 j - a scroll of silence
 m - 4 scrolls of fog
 n - 8 scrolls of identify
 r - 5 scrolls of poison
 D - a scroll of enchant weapon
 Z - 3 scrolls of enchant armour
Potions
 f - 9 potions of curing
 o - 11 potions of flight
 t - 2 potions of cancellation
 u - 2 potions of invisibility
 w - 3 potions of berserk rage
 x - 5 potions of haste
 z - a potion of might
 I - 3 potions of resistance
 J - 3 potions of brilliance
 O - a potion of magic
Miscellaneous
 F - a phantom mirror
 P - a lightning rod (4/4)
 Q - a tin of tremorstones (2/2)
 R - a condenser vane


   Skills:
 + Level 10.2 Short Blades
 - Level 4.0 Armour
 + Level 9.8 Dodging
 + Level 14.8 Stealth
 - Level 10.5 Spellcasting
 + Level 8.6 Conjurations
 + Level 12.1 Ice Magic
 + Level 5.5 Air Magic
 + Level 11.1 Invocations
 + Level 6.6 Evocations


You had 20 spell levels left.
You knew the following spells:

 Your Spells              Type           Power      Damage    Failure   Level
a - Freeze                Ice            100%       1d11      1%          1
b - Frozen Ramparts       Ice            100%       1d12      1%          3
c - Ozocubu's Armour      Ice            50%        N/A       1%          3
d - Hailstorm             Conj/Ice       44%        3d10      1%          4
e - Freezing Cloud        Conj/Ice/Air   19%        6-21      8%          5

Your spell library contained the following spells:

 Spells                   Type           Power      Damage    Failure   Level
 Magic Dart               Conj           100%       1d8       1%          1
 Searing Ray              Conj           76%        2d7       1%          2
 Static Discharge         Conj/Air       33%        N/A       1%          2
 Poisonous Vapours        Pois/Air       36%        N/A       4%          2
 Iskenderun's Battlesphe  Conj           38%        2d9       8%          5
 Ice Form                 Ice/Tmut       29%        N/A       9%          4
 Apportation              Tloc           16%        N/A       10%         1
 Beastly Appendage        Tmut           16%        N/A       10%         1
 Slow                     Hex            32%        N/A       10%         1
 Sting                    Tmut/Pois      32%        1d4       10%         1
 Summon Small Mammal      Summ           32%        N/A       10%         1
 Airstrike                Air            13%        N/A       10%         4
 Scorch                   Fire           16%        2d5       16%         2
 Wereblood                Tmut           8%         N/A       16%         2
 Lightning Bolt           Conj/Air       16%        1d30      16%         5
 Flame Wave               Conj/Fire      23%        2d7       17%         4
 Fulminant Prism          Conj/Hex       11%        3d9       17%         4
 Sticky Flame             Conj/Fire      23%        2d4       17%         4
 Call Canine Familiar     Summ           8%         N/A       30%         3
 Inner Flame              Hex/Fire       8%         N/A       30%         3
 Summon Guardian Golem    Hex/Summ       8%         N/A       30%         3
 Summon Lightning Spire   Summ/Air       18%        N/A       32%         4
 Fireball                 Conj/Fire      11%        3d7       43%         5
 Conjure Ball Lightning   Conj/Air       16%        3x3d6     63%         6
 Silence                  Hex/Air        9%         N/A       65%         5
 Anguish                  Hex/Necr       4%         N/A       69%         4
 Animate Armour           Summ/Erth      16%        N/A       69%         4
 Cause Fear               Hex            4%         N/A       69%         4
 Dispel Undead            Necr           8%         3d8       69%         4
 Olgreb's Toxic Radiance  Pois           8%         N/A       69%         4
 Passage of Golubria      Tloc           8%         N/A       69%         4
 Petrify                  Tmut/Erth      8%         N/A       69%         4
 Simulacrum               Ice/Necr       14%        N/A       77%         6
 Orb of Destruction       Conj           19%        9d8       94%         7
 Alistair's Intoxication  Tmut/Pois      5%         N/A       95%         5
 Blade Hands              Tmut           4%         N/A       95%         5
 Iron Shot                Conj/Erth      11%        9d3       95%         6
 Dispersal                Tloc           4%         N/A       100%        6
 Summon Cactus Giant      Summ           4%         N/A       100%        6
 Spellforged Servitor     Conj/Summ      11%        N/A       100%        7
 Discord                  Hex            4%         N/A       100%        8
 Disjunction              Tloc           4%         N/A       100%        8
 Lehudib's Crystal Spear  Conj/Erth      11%        10d4      100%        8
 Maxwell's Capacitive Co  Air            13%        ∞         100%        8
 Necromutation            Tmut/Necr      4%         N/A       100%        8
 Polar Vortex             Ice            25%        N/A       100%        9


Dungeon Overview and Level Annotations

Branches:
Dungeon (15/15)            Temple (0/1) D:6            Lair (6/6) D:10
 Shoals (0/4) Lair:4        Snake (1/4) Lair:2        Slime (0/5) Lair:6
    Orc (2/2) D:10            Elf (0/3) Orc:2        Vaults (0/5) D:14
 Depths (0/4) D:15         Bailey (visited)         Gauntlet (visited)

Altars:
Dithmenos
Elyvilon
Ru
Trog
Uskayaw
Xom
Yredelemnul
Zin
Beogh
Jiyva

Shops:
D:7 **[   D:8 ?   Orc:2 (?(*

Annotations:
D:11 exclusion: obsidian statue
Lair:3 2 runed translucent doors, Qojuicash's ghost, journeyman DrTm


Innate Abilities, Weirdness & Mutations

You have razor-sharp teeth.
Your natural rate of healing is unusually fast.
When hurt, damage is shared between your health and your magic reserves.
Your bite disrupts and absorbs the magic of your enemies.
Potions cannot restore your health.


Message History

The mana viper resists with almost no effort.
You feel sick.
The wall freezes the shock serpent!
Your attack snaps the shock serpent out of its fear.
The shock serpent bites you.
* * * LOW HITPOINT WARNING * * *
The shock serpent shocks you!
* * * LOW HITPOINT WARNING * * *
You emit a cloud of dark smoke.
The shock serpent's electric aura discharges, shocking you!
* * * LOW HITPOINT WARNING * * *
Blink to where?
Press: ? - help, Dir - move target Your frozen ramparts will break if you move.
Continue?
The frozen ramparts melt away as you move.
As you read the scroll of blinking, it crumbles to dust.
You feel sick.
Aiming: Mindburst
Press: ? - help, Shift-Dir - straight line, f - shock serpent
Aim: a shock serpent (heavily wounded, slow, umbra, chance to affect: 72%)
Okay, then.
Aiming: Charm
Press: ? - help, Shift-Dir - straight line, f - shock serpent
Aim: a shock serpent (heavily wounded, slow, umbra, chance to affect: 48%)
Okay, then.
Blink to where?
Press: ? - help, Dir - move target
As you read the scroll of blinking, it crumbles to dust.
You feel sick.
Aiming: Mindburst
Press: ? - help, Shift-Dir - straight line, f - shock serpent
Aim: a shock serpent (black smoke, heavily wounded, slow, umbra, chance to affect: 72%)
The shock serpent's mind is blasted!!
You feel sick.
Unknown command.
Aiming: Mindburst
Press: ? - help, Shift-Dir - straight line, f/p - shock serpent
Aim: a shock serpent (almost dead, slow, umbra, chance to affect: 72%)
The shock serpent struggles to resist.
You feel sick.
The shock serpent shoots out a bolt of lightning at you!
The bolt of electricity hits you!!
You die...

..#.######.#.#..#
....# #......## ...##
###))...## ..##
##)##...# ..#
#..##...## ..#
#.###..... # ..# ##.#
#.#.##..## ..##
###..# #.#......#
...#####.))####.@###
......##.....###.#
##.##......#.###.#
#.####).......#.#
#.........#.....#####
##.###...####.......#
###..#...##
###S#.....
#........## #S# ....
#.###.#...#### #.# #.


You could see a shock serpent (slow) and a mana viper (slow).

Vanquished Creatures
  Gastronok (D:11)
  An orc warlord (Orc:2)
  A minotaur (Gauntlet)
  An ettin (Orc:1)
  6 hydras
  8 vault guards (D:14)
  A boulder beetle (D:12)
  3 anacondas (Snake:1)
  2 ogre magi
  3 centaur warriors
  2 naga warriors (Snake:1)
  10 two-headed ogres
  A tengu warrior (D:15)
  A naga sharpshooter (Snake:1)
  9 death yaks
  A hell hog (Gauntlet)
  2 deep trolls (Orc:2)
  2 goliath frogs (Lair:6)
  2 naga ritualists (Snake:1)
  A wizard (D:15)
  A necromancer (D:15)
  4 mana vipers (Snake:1)
  2 orc knights
  A wolf spider zombie (D:15)
  6 deep elf pyromancers
  A deep elf zephyrmancer (D:15)
  4 orc sorcerers
  20 ugly things
  2 manticores
  An oklob plant (Orc:2)
  6 cyclopes
  2 centaur zombies (D:15)
  2 merfolk sirens (Lair:4)
  5 black mambas
  2 naga magi
  10 elephants
  2 gargoyles (D:12)
  28 cane toads
  Maggie (D:6)
  An unseen horror (D:12)
  3 rime drakes
  11 komodo dragons
  A tengu conjurer (D:14)
  13 trolls
  2 merfolk (Lair:4)
  A queen bee (Gauntlet)
  A queen bee (shapeshifter) (D:13)
  A polar bear (Lair:4)
  A wolf spider simulacrum (D:15)
  3 hornets
  3 tyrant leeches (Lair:6)
  36 blink frogs
  A spriggan (Lair:3)
  4 shadows (Gauntlet)
  3 wyverns
  2 vampires (D:12)
  2 wraiths
  62 yaks
  3 fire bats (Gauntlet)
  14 vampire mosquitoes
  5 basilisks
  2 wargs
  9 nagas
  2 hell hounds (Gauntlet)
  18 water moccasins
  26 orc warriors
  2 ice beasts (D:5)
  A black bear (D:6)
  41 wolves
  23 ogres
  5 centaurs
  A phantom (D:5)
  4 kobold brigands
  24 bullfrogs
  A gnoll sergeant (D:7)
  5 wights (D:9)
  2 scorpions
  26 killer bees
  4 howler monkeys
  2 electric eels (Lair:6)
  17 jellies
  3 hounds
  A gnoll shaman (D:10)
  17 orc priests
  Crazy Yiuf (D:7)
  5 iguanas
  18 orc wizards
  A hell rat (D:10)
  Robin (D:3)
  12 gnolls
  5 adders
  2 white imps (D:7)
  An ufetubus (D:5)
  A worm (D:2)
  2 dart slugs
  71 orcs
  8 endoplasms
  4 giant cockroaches
  28 goblins
  18 hobgoblins
  2 jackals (D:1)
  5 quokkas
  10 ball pythons
  7 bats
  30 kobolds
  6 rats
805 creatures vanquished.

Vanquished Creatures (collateral kills)
  2 orc warriors (Bailey)
  2 hobgoblins (Bailey)
4 creatures vanquished.

Vanquished Creatures (others)
  2 demonic plants (Gauntlet)
  53 fungi
  151 plants
  14 withered plants (Gauntlet)
220 creatures vanquished.

Grand Total: 1029 creatures vanquished

Notes
Turn   | Place    | Note
-------+----------+-------------------------------------------
     0 | D:1      | Zonian the Vine Stalker Ice Elementalist began the quest
                  | for the Orb.
     0 | D:1      | Reached XP level 1. HP: 9/9 MP: 4/4
   384 | D:1      | Reached XP level 2. HP: 9/13 MP: 3/6
  1234 | D:1      | Reached skill level 3 in Stealth
  1334 | D:1      | Reached XP level 3. HP: 15/16 MP: 5/7
  1636 | D:2      | Found a bloodstained altar of Trog.
  1932 | D:2      | Gained mutation: Your natural rate of healing is unusually
                  | fast. [Vine Stalker growth]
  1932 | D:2      | Reached XP level 4. HP: 21/21 MP: 6/9
  1958 | D:2      | Found a faded altar of an unknown god.
  2380 | D:3      | Noticed a scorpion
  2382 | D:3      | Noticed Robin
  2647 | D:3      | Found a shadowy altar of Dithmenos.
  2649 | D:3      | Found a bloodstained altar of Trog.
  2653 | D:3      | Became a worshipper of Dithmenos the Shadowed
  2774 | D:3      | Identified the +3 robe of Ysayc {*Slow Regen+ rCorr Dex-3}
  2800 | D:3      | Learned a level 3 spell: Frozen Ramparts
  2804 | D:3      | Learned a level 3 spell: Ozocubu's Armour
  2815 | D:3      | Found a basalt altar of Yredelemnul.
  3261 | D:3      | Killed a scorpion
  3262 | D:3      | Reached skill level 4 in Stealth
  3262 | D:3      | Reached XP level 5. HP: 24/24 MP: 4/10
  3753 | D:3      | Killed Robin
  3754 | D:3      | Reached skill level 1 in Invocations
  5079 | D:4      | Reached XP level 6. HP: 5/28 MP: 6/12
  5407 | D:4      | Reached skill level 1 in Short Blades
  5407 | D:4      | Reached skill level 5 in Ice Magic
  6210 | D:4      | Reached XP level 7. HP: 24/32 MP: 13/13
  6487 | D:5      | Entered Level 5 of the Dungeon
  6766 | D:5      | Found a glowing silver altar of Zin.
  6989 | D:5      | Reached * piety under Dithmenos
  6990 | D:5      | Reached skill level 5 in Stealth
  7516 | D:5      | Gained mutation: You have razor-sharp teeth. [Vine Stalker
                  | growth]
  7516 | D:5      | Reached XP level 8. HP: 36/36 MP: 15/15
  7702 | D:6      | Noticed Maggie
  7774 | D:6      | Reached skill level 6 in Stealth
  8098 | D:6      | Found a staircase to the Ecumenical Temple.
  8116 | D:6      | Reached skill level 1 in Armour
  8427 | D:6      | Killed Maggie
  8428 | D:6      | Reached skill level 5 in Spellcasting
  8428 | D:6      | Reached XP level 9. HP: 39/39 MP: 17/17
  8700 | D:7      | Found Qeacsez's General Store.
  8810 | D:7      | Found a sacrificial altar of Ru.
  8884 | D:7      | Found a white marble altar of Elyvilon.
  8908 | D:7      | Found Reqack's Armour Shoppe.
  9000 | D:7      | Reached ** piety under Dithmenos
  9169 | D:7      | Reached skill level 7 in Stealth
  9208 | D:7      | Found a flagged portal.
  9229 | Bailey   | Entered a bailey
 10226 | Bailey   | Reached *** piety under Dithmenos
 10336 | Bailey   | Noticed an orc warlord
 10678 | D:7      | Found a runed translucent door.
 10679 | D:7      | Noticed Crazy Yiuf
 10811 | D:7      | Found Vikeruxa's General Store.
 10815 | D:7      | Bought 4 curare-tipped darts for 36 gold pieces
 10868 | D:7      | Identified a scroll of acquirement
 10875 | D:7      | Acquired Sif Muna's Almanac of Bewitching Transmutation
 11130 | D:7      | Killed Crazy Yiuf
 11476 | D:8      | Reached XP level 10. HP: 44/44 MP: 19/19
 11533 | D:8      | Reached skill level 5 in Dodging
 11538 | D:8      | Reached skill level 5 in Invocations
 11797 | D:8      | Found Fozucloc's Magic Scroll Shop.
 11818 | D:8      | Noticed a two-headed ogre
 11857 | D:8      | Found the +3 pair of mountain boots {steadfast, rC+}
 12191 | D:9      | Noticed a +0 falchion
 12191 | D:9      | Noticed a +0 spear
 12191 | D:9      | Noticed a +0 falchion
 12191 | D:9      | Noticed a +0 short sword
 12192 | D:9      | Noticed a +0 short sword
 12192 | D:9      | Noticed a +0 spear
 12192 | D:9      | Noticed a +0 dagger
 12193 | D:9      | Found a hide-covered altar of Uskayaw.
 12193 | D:9      | Noticed a +0 dagger
 12209 | D:9      | Reached skill level 8 in Stealth
 12574 | D:9      | Reached **** piety under Dithmenos
 12632 | D:9      | Reached skill level 5 in Short Blades
 13032 | D:9      | Noticed a two-headed ogre
 13223 | D:9      | Reached XP level 11. HP: 47/47 MP: 22/22
 13688 | D:10     | Entered Level 10 of the Dungeon
 13725 | D:10     | Noticed a four-headed hydra
 13789 | D:10     | Killed a four-headed hydra
 13790 | D:10     | Reached skill level 9 in Stealth
 13845 | D:10     | Noticed a two-headed ogre
 13860 | D:10     | Killed a two-headed ogre
 14057 | D:10     | Noticed a two-headed ogre
 14064 | D:10     | Killed a two-headed ogre
 14099 | D:10     | Reached ***** piety under Dithmenos
 14100 | D:10     | Noticed a death yak
 14105 | D:10     | Noticed a death yak
 14108 | D:10     | Noticed a death yak
 14110 | D:10     | Killed a death yak
 14549 | D:8      | Bought a scroll of teleportation for 33 gold pieces
 14658 | D:10     | Found a staircase to the Orcish Mines.
 14705 | D:10     | Found a staircase to the Lair.
 14724 | D:10     | Killed a death yak
 14732 | D:10     | Killed a death yak
 14849 | Lair:1   | Entered Level 1 of the Lair of Beasts
 14861 | Lair:1   | Reached skill level 10 in Stealth
 14952 | Lair:1   | Learned a level 4 spell: Hailstorm
 15124 | Lair:1   | Reached skill level 1 in Conjurations
 15124 | Lair:1   | Reached XP level 12. HP: 26/51 MP: 25/25
 16304 | Lair:2   | Reached skill level 11 in Stealth
 16403 | Lair:2   | Found a staircase to the Snake Pit.
 16581 | Lair:2   | Acquired the +1 pair of gloves "Gungil" {Will+ Dex+2}
 17231 | Lair:3   | Noticed a four-headed hydra
 17299 | Lair:3   | Reached XP level 13. HP: 55/55 MP: 26/26
 17447 | Lair:3   | Found a large runed translucent door.
 17448 | Lair:3   | Found a large runed translucent door.
 17449 | Lair:3   | Noticed Qojuicash's ghost (journeyman DrTm)
 18178 | Lair:4   | Found the +9 staff of Olgreb {rPois∞}
 18364 | Lair:4   | Reached ****** piety under Dithmenos
 18655 | Lair:4   | Found a staircase to the Shoals.
 18864 | Lair:4   | Reached skill level 1 in Evocations
 19089 | Lair:4   | Reached skill level 12 in Stealth
 19407 | Lair:5   | Reached skill level 10 in Ice Magic
 19659 | Lair:5   | Reached skill level 5 in Conjurations
 20165 | Lair:6   | Entered Level 6 of the Lair of Beasts
 20764 | Lair:6   | Reached XP level 14. HP: 28/59 MP: 15/28
 21640 | Lair:6   | Reached skill level 10 in Spellcasting
 22060 | Lair:6   | Reached skill level 13 in Stealth
 22417 | Lair:6   | Found a staircase to the Slime Pits.
 22418 | Lair:6   | Found a viscous altar of Jiyva.
 22525 | Lair:6   | Learned a level 5 spell: Freezing Cloud
 22676 | Lair:6   | Reached skill level 1 in Air Magic
 22822 | Lair:6   | Identified the +3 flail of the Muttering Stork {vamp, rCorr
                  | Stlth+}
 23704 | D:11     | Noticed Gastronok
 23719 | D:11     | Killed Gastronok
 24248 | D:12     | Reached XP level 15. HP: 63/63 MP: 30/30
 24345 | D:12     | Found a flickering gateway to a bazaar.
 24392 | Bazaar   | Entered a bazaar
 24392 | Bazaar   | Found Wampaw's Book Shop.
 24392 | Bazaar   | Found Obeum's Magic Scroll Emporium.
 24392 | Bazaar   | Found Relaud's Assorted Antiques.
 24392 | Bazaar   | Found Deef's General Store.
 24498 | Bazaar   | Found Nyachyhu's General Store.
 24498 | Bazaar   | Found Opuf's Magic Scroll Shoppe.
 24520 | Bazaar   | Bought a scroll of teleportation for 21 gold pieces
 24520 | Bazaar   | Bought a scroll of summoning for 66 gold pieces
 24520 | Bazaar   | Bought a scroll of fear for 24 gold pieces
 24520 | Bazaar   | Bought a scroll of silence for 52 gold pieces
 24528 | Bazaar   | Bought a lumpy peridot amulet for 70 gold pieces
 24528 | Bazaar   | Bought a potion of haste for 140 gold pieces
 24528 | Bazaar   | Bought a scroll of teleportation for 42 gold pieces
 24528 | Bazaar   | Bought a moonstone ring for 70 gold pieces
 24528 | Bazaar   | Bought a scroll of teleportation for 42 gold pieces
 24528 | Bazaar   | Bought a scroll of teleportation for 42 gold pieces
 24531 | Bazaar   | Bought a potion of resistance for 110 gold pieces
 24540 | Bazaar   | Bought a scroll of blinking for 120 gold pieces
 25104 | D:13     | Reached skill level 10 in Invocations
 27056 | D:14     | Reached skill level 5 in Evocations
 27494 | D:14     | Found a gate to the Vaults.
 27754 | D:14     | Reached skill level 14 in Stealth
 28152 | D:15     | Entered Level 15 of the Dungeon
 29700 | D:15     | Found a staircase to the Depths.
 30000 | Orc:1    | Entered Level 1 of the Orcish Mines
 30150 | Orc:1    | Found a shimmering altar of Xom.
 30516 | Orc:2    | Entered Level 2 of the Orcish Mines
 30521 | Orc:2    | Found a staircase to the Elven Halls.
 30530 | Orc:2    | Noticed an orc warlord
 30576 | Orc:2    | Reached XP level 16. HP: 67/67 MP: 31/31
 30730 | Orc:2    | Found Wemmixung's Assorted Antiques.
 30752 | Orc:2    | Found Osuonaux's Magic Scroll Shop.
 30752 | Orc:2    | Found Wuary's Weapon Shop.
 30783 | Orc:2    | Found Myji's Antique Weapon Emporium.
 30878 | Orc:2    | Reached skill level 5 in Air Magic
 30903 | Orc:2    | Found a gate leading to a gauntlet.
 30956 | Gauntlet | Entered a Gauntlet
 30956 | Gauntlet | Found a transporter.
 30956 | Gauntlet | Found a transporter.
 30969 | Gauntlet | Found a transporter.
 30969 | Gauntlet | Found the +8 demon blade "Leech" {vamp, Harm Drain rN+}
 30978 | Gauntlet | Found a transporter.
 30980 | Gauntlet | Found a large runed translucent door.
 30981 | Gauntlet | Found a large runed translucent door.
 30982 | Gauntlet | Found a large runed translucent door.
 30982 | Gauntlet | Found a large runed translucent door.
 30982 | Gauntlet | Found a runed translucent door.
 30983 | Gauntlet | Found a large runed translucent door.
 31024 | Gauntlet | Found a transporter.
 31047 | Gauntlet | Found a transporter.
 31065 | Gauntlet | Found a transporter.
 31078 | Gauntlet | Found a transporter.
 31154 | Gauntlet | Found a transporter.
 31164 | Gauntlet | Reached skill level 10 in Short Blades
 31190 | Gauntlet | Identified the ring of the Present {*Slow Fly rCorr Dex+6}
 31220 | Gauntlet | Found a transporter.
 31248 | Gauntlet | Found a large runed translucent door.
 31248 | Gauntlet | Found a large runed translucent door.
 31249 | Gauntlet | Found a large runed translucent door.
 31249 | Gauntlet | Found a large runed translucent door.
 31395 | Gauntlet | Found a transporter.
 31396 | Gauntlet | Found a transporter.
 32565 | Snake:1  | Entered Level 1 of the Snake Pit
 33250 | Snake:1  | HP: 3/67 [shock serpent/electric aura (1)]
 33254 | Snake:1  | Killed from afar by a shock serpent

Illustrated notes

Levels and vault maps discovered:
D:1:      dpeg_arrival_boxes_within_box, layout_basic
D:2:      layout_basic, shapermc_ecumenical_altar_pompeii, basic_altar,
          grunt_decor_fettered
D:3:      layout_basic, mainiacjoe_overflow_surrounded_room,
          grunt_temple_overflow_open, uniq_robin
D:4:      layout_basic
D:5:      layout_loops_ring, mainiacjoe_overflow_six_doors_small
D:6:      layout_loops_ring, minmay_temple_entry_hall, uniq_maggie
D:7:      layout_loops_corners, nicolae_overflow_hidden_temple, enter_bailey_5,
          serial_shops, shop, kennysheep_mini_moat, shop,
          kennysheep_generic_room_6, uniq_crazy_yiuf_cottage
D:8:      minmay_weird_star, layout_basic, fedhas_ov_isle_minmay, serial_shops,
          kennysheep_little_box, nicolae_figureground_sparkle
D:9:      layout_grid_maze, nicolae_uskayaw_en_pointe, serial_bayou_pond_b
D:10:     layout_rooms, dpeg_lair_monsters, david_orc_5
D:11:     layout_gridville, minmay_protected_statue, uniq_gastronok
D:12:     layout_cave_pools, serial_shops, bzr_entry_gold
D:13:     layout_layer_cave
D:14:     layout_cave_pools, erik_vaults_2, minmay_misc_feat_encased,
          minmay_holes
D:15:     grunt_enter_depths_magical_seal, layout_small_grid,
          nrook_mini_backslash
Lair:1:   layout_gridlike, ldierk_geyser, nicolae_lair_grove_arrangements,
          grunt_megastairs_4
Lair:2:   layout_gridlike, guppyfry_snake_entry_garden,
          cheibrodos_lair_reptile_den
Lair:3:   layout_regular_city, ebering_ghost_disaster_area,
          grunt_forest_large_clearings
Lair:4:   layout_gridlike, elwin_shoals_entry_stream, beast_lair_carwin_2,
          infiniplex_staircase_pool_2
Lair:5:   layout_concentric_octagons, grunt_megastairs_1, lemuel_fruit_tree
Lair:6:   minmay_lair_end_frog_pond, layout_misc_corridors,
          minmay_slime_entry_jelly_boxes, serial_bayou_shore_a
Snake:1:  layout_rooms, nicolae_snake_slithery_corners, nicolae_snake_naga_rites
Orc:1:    layout_caves, lemuel_statue_altar
Orc:2:    st_orc_open, layout_caves, gauntlet_entry_generic, mines3_lemuel

Skill      XL: |  1  2  3  4  5  6  7  8  9 10 11 12 13 14 15 16 |
---------------+-------------------------------------------------+-----
Stealth        | 3 4 5 6 7 8 10 11 12 13 14 | 14.8
Dodging        | 2 3 4 5 6 7 8 9 |  9.8
Spellcasting   | 3 4 5 6 8 9 10 | 10.5
Invocations    | 1 2 3 4 5 7 8 9 10 11 | 11.1
Short Blades   | 1 2 3 4 5 6 7 8 9 10 | 10.2
Ice Magic      | 5 6 7 8 9 10 11 12 | 12.1
Armour         | 1 2 4 |  4.0
Conjurations   | 1 3 5 6 7 8 |  8.6
Evocations     | 2 4 5 6 |  6.6
Air Magic      | 1 4 5 |  5.5

Action                   |  1- 3 |  4- 6 |  7- 9 | 10-12 | 13-15 | 16-18 || total
-------------------------+-------+-------+-------+-------+-------+-------++-------
Melee: Dagger            |    48 |    38 |   331 |       |       |       ||   417
       Bite              |     7 |    31 |   115 |   150 |   342 |   104 ||   749
       Unarmed           |     2 |       |       |       |       |       ||     2
       Whip              |    14 |    62 |       |       |       |       ||    76
       Punch             |       |     3 |     5 |     5 |     9 |     6 ||    28
       Short sword       |       |    41 |    23 |   417 |   873 |   267 ||  1621
       Staff             |       |       |       |       |     8 |       ||     8
 Fire: Shortbow          |       |       |       |    18 |    37 |       ||    55
Throw: Dart              |       |       |       |     1 |       |     1 ||     2
       Boomerang         |       |       |       |       |     2 |       ||     2
 Cast: Freeze            |    28 |    20 |     1 |       |       |       ||    49
       Frozen Ramparts   |       |     1 |     4 |    22 |    16 |     6 ||    49
       Ozocubu's Armour  |       |       |       |     7 |     3 |       ||    10
       Hailstorm         |       |       |       |       |    11 |     7 ||    18
Invok: Shadow Step       |       |       |       |       |       |     1 ||     1
Evoke: Wand              |       |     1 |     3 |     4 |    10 |     5 ||    23
       Tin of tremorston |       |       |       |     1 |     4 |     1 ||     6
  Use: Scroll            |       |    12 |    12 |    13 |     8 |     3 ||    48
       Potion            |       |     3 |     2 |       |     1 |     1 ||     7
 Stab: Sleeping          |     8 |     8 |    12 |    11 |    45 |     7 ||    91
       Distracted        |       |     1 |       |     5 |    42 |     5 ||    53
Armor: Robe              |    40 |    45 |    25 |       |       |       ||   110
       Leather armour    |       |       |    61 |   170 |   205 |    41 ||   477
Dodge: Dodged            |    72 |   133 |   153 |   437 |   560 |   179 ||  1534
Block: Other             |       |       |       |       |    44 |    57 ||   101
       Reflection        |       |       |       |       |     5 |     4 ||     9

Table legend: (Time is in decaauts)
 A = Elapsed time spent in this place.
 B = Non-inter-level travel time spent in this place.
 C = Inter-level travel time spent in this place.
 D = Time resting spent in this place.
 E = Time spent auto-exploring this place.
 F = Levels seen in this place.
 G = Mean time per level.
                   A        B        C        D        E       F      G
               +--------+--------+--------+--------+--------+-----+--------+
         Total |  32834 |  31193 |   1641 |  10062 |  12402 |  27 | 1216.1 |
       Dungeon |  20432 |  19440 |    992 |   6163 |   8091 |  15 | 1362.1 |
          Lair |   8095 |   7459 |    636 |   2116 |   3284 |   6 | 1349.2 |
     Snake Pit |    665 |    665 |      0 |    379 |    127 |   1 |  665.0 |
  Orcish Mines |   1587 |   1576 |     11 |    111 |    865 |   2 |  793.5 |
        Bazaar |    151 |    151 |      0 |    104 |      0 |   1 |  151.0 |
        Bailey |   1104 |   1104 |      0 |    804 |     35 |   1 | 1104.0 |
      Gauntlet |    797 |    797 |      0 |    385 |      0 |   1 |  797.0 |
               +--------+--------+--------+--------+--------+-----+--------+

Top non-repeatable levels by time:
    D:13: 2265 daAuts
     D:3: 2219 daAuts
  Lair:6: 1874 daAuts
     D:9: 1775 daAuts
     D:4: 1637 daAuts
    D:14: 1629 daAuts
     D:7: 1627 daAuts
     D:1: 1489 daAuts
  Lair:2: 1409 daAuts
  Lair:5: 1400 daAuts
  Lair:4: 1158 daAuts
    D:10: 1157 daAuts
  Lair:3: 1149 daAuts
     D:2: 1148 daAuts
    D:15: 1114 daAuts
